 Dungeon Crawl Stone Soup version 0.28.0-43-g3370ac3207 (webtiles) character file.

Game seed: 6326294862797349938

1537 experimilk the Archer (level 8, 0/63 (68) HPs)
             Began as a Minotaur Hunter on Mar 13, 2022.
             Was a Follower of Qazlal.
             Slain by a wight
             ... wielding a +2 scimitar
              (6 damage)
             ... on level 7 of the Dungeon.
             The game lasted 00:18:41 (8174 turns).

experimilk the Archer (Minotaur Hunter)             Turns: 8174, Time: 00:18:42

HP:   0/63 (68)     AC:  9    Str: 26    XL:     8   Next: 56%
MP:   7/7           EV:  9    Int:  8    God:    Qazlal [*.....]
Gold: 91            SH:  6    Dex: 10    Spells: 7/7 levels left

rFire   . . .      SeeInvis .   a - +2 shortbow (vorpal)
rCold   + . .      Faith    .   (shield currently unavailable)
rNeg    . . .      Spirit   .   u - +0 chain mail
rPois   .          Reflect  +   (helmet restricted)
rElec   .          Harm     .   (no cloak)
rCorr   .          Rampage  .   (no gloves)
Will    .....                   (no boots)
Stlth   ..........              y - amulet of reflection
HPRegen 0.20/turn               o - +6 ring of strength
MPRegen 0.10/turn               r - ring of protection from cold

@: drained
A: horns 2, retaliatory headbutt
a: Renounce Religion


You were on level 7 of the Dungeon.
You worshipped Qazlal.
Qazlal was aware of your devotion.
You visited 2 branches of the dungeon, and saw 8 of its levels.

You collected 267 gold pieces.
You spent 176 gold pieces at shops.

Inventory:

Hand Weapons
 a - a +2 vorpal shortbow (weapon)
 b - a +0 spear of venom
 e - a +0 short sword
Missiles
 j - 243 stones
 p - 36 arrows (quivered ammo)
 q - a throwing net
Armour
 c - a +0 leather armour
 g - a +1 ring mail
 u - a +0 chain mail (worn)
Jewellery
 i - a ring of fire
 o - a +6 ring of strength (left hand)
 r - a ring of protection from cold (right hand)
 y - an amulet of reflection (around neck)
 A - an amulet of magic regeneration
Wands
 l - a wand of polymorph (7)
 n - a wand of paralysis (1)
Scrolls
 d - a scroll of brand weapon
 m - 4 scrolls of teleportation
 t - a scroll of magic mapping
 v - 3 scrolls of identify
 x - a scroll of summoning {unknown}
Potions
 f - 3 potions of haste
 h - 4 potions of curing
 k - a potion of brilliance {unknown}
 s - a potion of heal wounds
 w - a potion of attraction {unknown}
 z - a potion of might {unknown}
 B - a potion of lignification {unknown}


   Skills:
 - Level 5.0 Fighting
 * Level 9.8 Bows
 - Level 5.0 Armour
 - Level 2.1 Dodging
 - Level 0.7 Stealth
 + Level 3.9 Evocations


You had 7 spell levels left.
You didn't know any spells.
Your spell library contained the following spells:

 Spells                   Type           Power      Damage    Failure   Level
 Freeze                   Ice            0%         1d3       95%         1
 Blink                    Tloc           0%         N/A       98%         2
 Static Discharge         Conj/Air       0%         N/A       98%         2
 Call Canine Familiar     Summ           0%         N/A       100%        3
 Frozen Ramparts          Ice            0%         1d2       100%        3
 Lesser Beckoning         Tloc           0%         N/A       100%        3
 Portal Projectile        Hex/Tloc       0%         N/A       100%        3
 Hailstorm                Conj/Ice       0%         3d3       100%        4
 Ice Form                 Ice/Tmut       0%         N/A       100%        4
 Leda's Liquefaction      Hex/Erth       0%         N/A       100%        4
 Summon Ice Beast         Ice/Summ       0%         N/A       100%        4
 Lightning Bolt           Conj/Air       0%         1d11      100%        5
 Manifold Assault         Tloc           0%         N/A       100%        5
 Maxwell's Capacitive Co  Air            0%         ∞         100%        8


Dungeon Overview and Level Annotations

Branches:
Dungeon (7/15)             Temple (1/1) D:4

Altars:
Ashenzari
Cheibriados
Dithmenos
Elyvilon
Fedhas
Gozag
Hepliaklqana
Kikubaaqudgha
Makhleb
Nemelex Xobeh
Okawaru
Qazlal
Ru
Sif Muna
Trog
Uskayaw
Vehumet
Wu Jian
Yredelemnul
Zin
The Shining One

Shops:
D:2 !

Annotations:
D:4 1 runed translucent door, Crazy Yiuf
D:6 3 runed translucent doors, pkoi's ghost, novice DrMo


Innate Abilities, Weirdness & Mutations

You have a pair of horns on your head.
You reflexively headbutt those who attack you in melee.


Message History

Press: ? - help, Q - select action, (/) - cycle Shift-Dir - straight line, f/p - wight
Aim: a wight, wielding a +3 scimitar of freezing and wearing a +0 ring mail (almost destroyed, 69% to hit)
You shoot an arrow. The arrow closely misses the wight.
The wight hits you with a +3 scimitar of freezing!
The wight freezes you. The wight barely misses you. You furiously retaliate!
You headbutt the wight. You block the wight's attack.
Fire: 41 arrows
Press: ? - help, Q - select action, (/) - cycle Shift-Dir - straight line, f/p - wight
Aim: a wight, wielding a +3 scimitar of freezing and wearing a +0 ring mail (almost destroyed, 69% to hit)
You shoot an arrow. The arrow hits the wight!
You destroy the wight!
Qazlal accepts your kill.
Fire: 40 arrows
Press: ? - help, Q - select action, (/) - cycle Shift-Dir - straight line, f - wight
Aim: a wight, wielding a +2 scimitar and wearing a +0 robe (moderately damaged, 65% to hit)
You shoot an arrow. The arrow barely misses the wight.
You block the wight's attack. x2
Fire: 39 arrows
Press: ? - help, Q - select action, (/) - cycle Shift-Dir - straight line, f/p - wight
Aim: a wight, wielding a +2 scimitar and wearing a +0 robe (moderately damaged, 65% to hit)
You shoot an arrow. The arrow closely misses the wight.
You block the wight's attack. The wight hits you with a +0 falchion.
You feel drained.
Fire: 38 arrows
Press: ? - help, Q - select action, (/) - cycle Shift-Dir - straight line, f/p - wight
Aim: a wight, wielding a +2 scimitar and wearing a +0 robe (moderately damaged, 65% to hit)
You shoot an arrow.
The arrow hits the wight but does no damage.
The wight is moderately damaged.
The wight hits you with a +2 scimitar!
* * * LOW HITPOINT WARNING * * *
You feel drained.
* * * LOW HITPOINT WARNING * * *
The wight barely misses you.
Fire: 37 arrows
Press: ? - help, Q - select action, (/) - cycle Shift-Dir - straight line, f/p - wight
Aim: a wight, wielding a +2 scimitar and wearing a +0 robe (moderately damaged, 65% to hit)
You shoot an arrow. The arrow barely misses the wight.
The wight hits you with a +2 scimitar.
You die...

########.####..####.###.##.##.)..
......##.##.....(##.# #.##.##.###
#####.##.......#.##.# #.......#
#####.##.†###.......###.#...###
##........# #.##.##.........#
....#.###.###.##.##.######..#
##.##.# #.....##.##.#..#.#..#
......####.....z)##....#.#..#
####.....#.#####@##....#.#..# #
#.....#.###..z#..#....#...
#....>...........######
#.....#.###............
#.....#.##.###..####... ##
#######.....#..## . .####
######..## #...# #.## ##..# #.#


You could see 2 wights.

Vanquished Creatures
  Duvessa (D:4)
  A black bear (D:6)
  A centaur (D:5)
  A scorpion (D:4)
  A wyvern skeleton (D:7)
  Dowan (D:4)
  A water moccasin skeleton (D:4)
  6 wights (D:7)
  4 howler monkeys
  A jelly (D:5)
  5 hounds
  Ijyb (D:3)
  2 orc wizards (D:3)
  Terence (D:3)
  A hound zombie (D:5)
  A mummy (D:7)
  A howler monkey zombie (D:7)
  Robin (D:3)
  7 gnolls
  15 adders
  A shadow imp (D:6)
  An ufetubus (D:6)
  3 dart slugs
  5 orcs
  4 ball pythons
  6 bats
  10 endoplasms
  7 giant cockroaches
  16 goblins
  7 hobgoblins
  3 jackals (D:3)
  3 quokkas
  2 frilled lizards
  4 hobgoblin zombies (D:7)
  3 kobolds
  7 rats
135 creatures vanquished.

Vanquished Creatures (others)
  A quokka (D:6)
  14 plants (D:2)
15 creatures vanquished.

Grand Total: 150 creatures vanquished

Notes
Turn   | Place    | Note
-------+----------+-------------------------------------------
     0 | D:1      | experimilk the Minotaur Hunter began the quest for the Orb.
     0 | D:1      | Reached XP level 1. HP: 18/18 MP: 0/0
   282 | D:1      | Reached XP level 2. HP: 25/25 MP: 1/1
   376 | D:1      | Reached skill level 5 in Bows
   968 | D:2      | Noticed an ogre
  1199 | D:2      | Reached XP level 3. HP: 30/30 MP: 2/2
  1287 | D:2      | Found Hakueblo's Distillery.
  1295 | D:2      | Bought a potion of heal wounds for 55 gold pieces
  1370 | D:2      | Reached skill level 6 in Bows
  1375 | D:2      | Reached XP level 4. HP: 16/37 MP: 3/3
  2070 | D:2      | Found a faded altar of an unknown god.
  2341 | D:3      | Reached skill level 7 in Bows
  2341 | D:3      | Reached XP level 5. HP: 25/42 MP: 4/4
  2767 | D:3      | Noticed Terence
  2802 | D:3      | Noticed Robin
  3007 | D:3      | Noticed Ijyb
  3011 | D:3      | Reached skill level 1 in Armour
  3013 | D:3      | Reached skill level 1 in Evocations
  3035 | D:3      | Paralysed by Ijyb for 5 turns
  3044 | D:3      | Killed Ijyb
  3045 | D:3      | Reached XP level 6. HP: 35/51 MP: 5/5
  3688 | D:3      | Killed Terence
  3728 | D:3      | Killed Robin
  4255 | D:4      | Found a shimmering blue altar of Sif Muna.
  4275 | D:4      | Found a staircase to the Ecumenical Temple.
  4286 | Temple   | Entered the Ecumenical Temple
  4433 | Temple   | Became a worshipper of Qazlal Stormbringer
  4592 | D:4      | Found an ornate altar of the Wu Jian Council.
  4897 | D:4      | Reached XP level 7. HP: 44/58 MP: 6/6
  4909 | D:4      | Reached skill level 8 in Bows
  5203 | D:4      | Noticed Dowan
  5224 | D:4      | Killed Dowan
  5373 | D:4      | Noticed Duvessa
  5386 | D:4      | Killed Duvessa
  5676 | D:4      | Found a runed translucent door.
  5677 | D:4      | Noticed Crazy Yiuf
  5883 | D:5      | Entered Level 5 of the Dungeon
  5929 | D:5      | Found an opulent altar of Gozag.
  6263 | D:2      | Bought a potion of heal wounds for 55 gold pieces
  6263 | D:2      | Bought a potion of curing for 33 gold pieces
  6263 | D:2      | Bought a potion of curing for 33 gold pieces
  6598 | D:5      | Found a sacrificial altar of Ru.
  6841 | D:5      | Found a blossoming altar of Fedhas.
  7303 | D:6      | Reached XP level 8. HP: 63/67 MP: 7/7
  7491 | D:6      | Found a glowing silver altar of Zin.
  7568 | D:6      | Found a white marble altar of Elyvilon.
  7582 | D:6      | Found a runed translucent gate.
  7582 | D:6      | Found a runed translucent gate.
  7582 | D:6      | Found a runed translucent gate.
  7584 | D:6      | Noticed pkoi's ghost (novice DrMo)
  7590 | D:6      | Reached skill level 5 in Fighting
  7590 | D:6      | Reached skill level 9 in Bows
  7593 | D:6      | Noticed a manticore
  7976 | D:7      | Reached * piety under Qazlal
  8152 | D:7      | Identified the +5 short sword of War {vorpal, rF+ Str+7}
  8156 | D:7      | Reached skill level 5 in Armour
  8174 | D:7      | Slain by a wight

Illustrated notes

Levels and vault maps discovered:
D:1:      lightli_arrival_statue_moat, layout_loops_cross, minmay_pentomino_w2
D:2:      layout_basic, hellmonk_ecumenical_altar_leap_of_faith, serial_shops,
          nicolae_shop_stone, kennysheep_minor_cross, serial_bayou_pond_c,
          minmay_vboxes
D:3:      layout_rooms, uniq_terence, uniq_ijyb, uniq_robin
D:4:      layout_basic, mainiacjoe_overflow_catwalk,
          nicolae_wu_jian_glorious_leap, minmay_temple_entry_butterflies,
          hangedman_decor_growths, amethyst_killhole, uniq_duvessa,
          uniq_crazy_yiuf_cottage
D:5:      layout_rooms, nicolae_ru_sacrificial_ziggurat, lemuel_crystal_altar,
          lemuel_coloured_pillars_altar, minmay_diced_spiral
D:6:      layout_loops_corners, elyvilon_altar_4, zin_statuary,
          gammafunk_ghost_split
D:7:      layout_loops_cross, minmay_mini_ossuary
Temple:   zaba_magenta_temple

Skill      XL: |  1  2  3  4  5  6  7  8 |
---------------+-------------------------+-----
Bows           | 5 6 7 8 9 |  9.8
Armour         | 1 2 3 5 |  5.0
Evocations     | 1 2 3 |  3.9
Fighting       | 3 4 5 |  5.0
Dodging        | |  2.1
Stealth        | |  0.7

Action                   |  1- 3 |  4- 6 |  7- 9 || total
-------------------------+-------+-------+-------++-------
Melee: Short sword       |    39 |    89 |       ||   128
       Headbutt          |     9 |    18 |    10 ||    37
       Punch             |       |     1 |       ||     1
       Spear             |       |    25 |    48 ||    73
 Fire: Shortbow          |    35 |    69 |    90 ||   194
Throw: Stone             |       |    10 |       ||    10
  Use: Potion            |       |     1 |     1 ||     2
       Scroll            |       |     6 |     3 ||     9
 Stab: Sleeping          |     1 |       |       ||     1
Armor: Leather armour    |     5 |       |       ||     5
       Ring mail         |    11 |    76 |    18 ||   105
       Chain mail        |       |       |    14 ||    14
Dodge: Dodged            |    31 |    89 |    49 ||   169
Block: Other             |       |       |     7 ||     7
